 Dungeon Crawl Stone Soup version 0.29.1-12-g30fa7ad0bf (webtiles) character file.

Game seed: 4234993944023631629

16508 DildoBatman the Blocker (level 12, -6/89 HPs)
             Began as a Formicid Conjurer on Jan 7, 2023.
             Was a High Priest of Kikubaaqudgha.
             Killed from afar by an ogre mage (35 damage)
             ... with a bolt of magma
             ... on level 1 of the Orcish Mines.
             The game lasted 00:53:34 (10381 turns).

DildoBatman the Blocker (Formicid Conjurer)        Turns: 10381, Time: 00:53:35

Health: -6/89      AC:  9    Str: 15    XL:     12   Next: 71%
Magic:  14/31      EV: 17    Int: 31    God:    Kikubaaqudgha [*****.]
Gold:   654        SH: 13    Dex: 14    Spells: 8/25 levels left

rFire   . . .      SeeInvis +   a - +6 mace of Mauvoh {elec, rElec MP+9 Str+2 Dex+3 Stlth+}
rCold   . . .      Faith    .   i - +2 kite shield
rNeg    . . .      Spirit   .   V - +2 animal skin
rPois   .          Reflect  .   (helmet unavailable)
rElec   +          Harm     .   M - +0 cloak
rCorr   .          Rampage  .   R - +2 pair of gloves
Will    +....                   (no boots)
Stlth   +++.......              m - amulet of magic regeneration
HPRegen 0.24/turn               g - +4 ring of evasion
MPRegen 0.62/turn               K - +6 ring of intelligence

@: no status effects
A: permanent stasis, dig shafts and tunnels, antennae 3, four strong arms,
clever 1
a: Dig, Shaft Self, Renounce Religion, Unearth Wretches, Torment


You were on level 1 of the Orcish Mines.
You worshipped Kikubaaqudgha.
Kikubaaqudgha was extremely pleased with you.
You visited 3 branches of the dungeon, and saw 12 of its levels.
You also visited: Bailey.

You collected 654 gold pieces.

Inventory:

Hand Weapons
 a - the +6 mace of Mauvoh (weapon) {elec, rElec MP+9 Str+2 Dex+3 Stlth+}
   (You found it on level 3 of the Dungeon)

   It occasionally discharges a powerful burst of electricity upon striking a
   foe.
   Str:       It affects your strength (+2).
   Dex:       It affects your dexterity (+3).
   rElec:     It insulates you from electricity.
   MP:        It affects your magic capacity (+9).
   Stlth:     It makes you more stealthy.
 b - a +5 halberd of freezing
Missiles
 k - 63 poisoned darts (quivered)
 p - 2 throwing nets
Armour
 i - a +2 kite shield (worn)
 M - a +0 cloak (worn)
 P - a +2 leather armour of cold resistance
 R - a +2 pair of gloves (worn)
 V - a +2 animal skin (worn)
Jewellery
 e - a ring of fire
 g - a +4 ring of evasion (left hand)
 h - the amulet of the Dripping Hero {Faith rElec rF+ rC+++ Int+4}
   (You found it on level 10 of the Dungeon)

   [amulet of faith]

   It allows you to gain divine favour quickly.
   Int:       It affects your intelligence (+4).
   rF:        It protects you from fire.
   rC:        It renders you almost immune to cold.
   rElec:     It insulates you from electricity.
 l - a ring of ice
 m - an amulet of magic regeneration (around neck)
 K - a +6 ring of intelligence (right hand)
 X - the ring of the Devil {rPois rCorr Str+3}
   (You took it off a kobold brigand on level 7 of the Dungeon)

   [ring of resist corrosion]

   Str:       It affects your strength (+3).
   rPois:     It protects you from poison.
   rCorr:     It protects you from acid and corrosion.
Wands
 d - a wand of flame (31)
 L - a wand of quicksilver (17)
 Q - a wand of roots (11)
 U - a wand of mindburst (5)
Scrolls
 c - 3 scrolls of identify
 j - a scroll of butterflies
 v - a scroll of silence {unknown}
 w - 5 scrolls of summoning
 y - 2 scrolls of noise {unknown}
 C - a scroll of magic mapping
 G - 2 scrolls of enchant weapon
 I - 3 scrolls of fear {unknown}
 S - a scroll of poison {unknown}
 T - a scroll of amnesia {unknown}
Potions
 n - a potion of brilliance {unknown}
 o - 5 potions of lignification
 r - 2 potions of flight
 s - a potion of might
 u - 3 potions of heal wounds
 z - a potion of resistance {unknown}
 A - 4 potions of curing
 D - a potion of mutation
 E - 2 potions of invisibility {unknown}
 F - a potion of berserk rage {unknown}
 J - a potion of haste {unknown}
 N - 3 potions of degeneration {unknown}
 O - 2 potions of cancellation {unknown}
Miscellaneous
 H - a phial of floods (inert)


   Skills:
 - Level 6.8 Fighting
 - Level 6.9 Armour
 - Level 4.9 Dodging
 - Level 2.4 Stealth
 - Level 9.0 Shields
 - Level 7.0 Spellcasting
 - Level 7.0 Conjurations
 - Level 8.2 Hexes
 * Level 7.7 Necromancy
 * Level 8.7 Earth Magic


You had 8 spell levels left.
You knew the following spells:

 Your Spells              Type           Power      Damage    Failure   Level
a - Borgnjor's Vile Clut  Necr/Erth      29%        N/A       8%          5
b - Dazzling Flash        Conj/Hex       100%       N/A       1%          3
c - Searing Ray           Conj           100%       2d8       1%          2
f - Magic Dart            Conj           100%       1d8       1%          1
h - Dispel Undead         Necr           56%        3d20      3%          4
z - Sublimation of Blood  Necr           56%        N/A       1%          2

Your spell library contained the following spells:

 Spells                   Type           Power      Damage    Failure   Level
 Necrotise                Necr           100%       1d9       1%          1
 Anguish                  Hex/Necr       28%        N/A       3%          4
 Animate Dead             Necr           56%        N/A       3%          4
 Fulminant Prism          Conj/Hex       27%        3d14      3%          4
 Agony                    Necr           56%        N/A       10%         5
 Iskenderun's Battlesphe  Conj           53%        2d10      13%         5
 Iskenderun's Mystic Bla  Conj/Tloc      32%        2d8       21%         4
 Corpse Rot               Necr/Pois/Air  26%        N/A       30%         4
 Iron Shot                Conj/Erth      28%        9d6       45%         6
 Lightning Bolt           Conj/Air       16%        1d30      50%         5
 Airstrike                Air            5%         2d(1-17)  63%         4
 Summon Lightning Spire   Summ/Air       10%        N/A       63%         4
 Simulacrum               Ice/Necr       17%        N/A       95%         6
 Spellforged Servitor     Conj/Summ      16%        N/A       100%        7
 Chain Lightning          Conj/Air       16%        3d21      100%        9
 Fire Storm               Conj/Fire      16%        8d4       100%        9
 Shatter                  Erth           30%        3d25*     100%        9


Dungeon Overview and Level Annotations

Branches:
Dungeon (10/15)            Temple (1/1) D:7            Lair (0/5) D:9
    Orc (1/2) D:10         Bailey (visited)

Altars:
Kikubaaqudgha
Qazlal
Ru
Uskayaw
Wu Jian
Xom
Yredelemnul
Zin

Annotations:
D:8 1 exclusion


Innate Abilities, Weirdness & Mutations

You cannot be hasted, slowed, berserked, paralysed or teleported.
You can dig through walls and to a lower floor.
You have a pair of large antennae on your head. (SInv)
Your four strong arms can wield two-handed weapons with a shield.
Your mind is acute. (Int +4, Str/Dex -1)


Message History

The zombie hands constrict the two-headed ogre!!
The two-headed ogre is no longer moving slowly.
The two-headed ogre struggles to escape constriction.
The zombie hands lose their grip on something.
Casting: Borgnjor's Vile Clutch (dangerous; 9% risk of failure)
Confirm with . or Enter, or press ? or * to list all spells.
Aiming: Borgnjor's Vile Clutch (dangerous; 9% risk of failure)
Press: ? - help, Shift-Dir - straight line, f - two-headed ogre
Aim: a two-headed ogre, wielding a +0 dire flail and a +0 giant spiked club (heavily wounded, poisoned, 100% to hit)
Zombie hands grab the two-headed ogre.
Zombie hands grab the ogre mage.
Zombie hands grab the two-headed ogre.
Zombie hands grab the orc.
The zombie hands constrict the ogre mage!
The zombie hands constrict the two-headed ogre!
You kill the two-headed ogre!
Kikubaaqudgha accepts your kill.
The zombie hands constrict the two-headed ogre!
The zombie hands constrict the orc.
An orc comes into view. It is wielding a +0 mace.
The ogre mage struggles to escape constriction.
An orc wizard comes into view. It is wielding a +0 dagger.
Your life force feels restored.
Throw: 64 darts (poison)
Press: ? - help, Q - select action, (/) - cycle Shift-Dir - straight line, f/p - two-headed ogre
Aim: a two-headed ogre, wielding a +0 dire flail and a +0 giant spiked club (severely wounded, poisoned, constricted by zombie hands, 93% to hit)
You throw a poisoned dart. The poisoned dart hits the ogre mage.
The ogre mage is poisoned.
The ogre mage is severely wounded.
The orc shouts!
The zombie hands constrict the ogre mage.
The zombie hands constrict the two-headed ogre!
The zombie hands constrict the orc!
You kill the orc!
Kikubaaqudgha accepts your kill.
The ogre mage gestures at you while chanting.
The bolt of magma hits you!!
You die...
Kikubaaqudgha rasps: "You have failed me!
Welcome... death!"

##.### #....#
).)..####
......o.##
...o.....##
.........{##
...{#..)..{##
o.###....ooo######
o{# ##....ooO)(.@#
... #....oO######
. ........##
..........##
.......## ...##.##
... ##


You could see a two-headed ogre (poisoned, clutched), an ogre mage (invisible,
poisoned, clutched), 2 orc warriors, an orc wizard and 3 orcs.

Vanquished Creatures
  3 two-headed ogres
  The ghost of Quickbrownfox the Spear-Bearer, a novice DsIE of Ashenzari (D:10)
  An orc high priest (Orc:1)
  A deep elf pyromancer (Bailey)
  3 orc knights
  An orc sorcerer (Orc:1)
  A kobold demonologist (D:7)
  The ghost of EarthwalkerPL the Covered, an amateur MiFi (D:7)
  4 trolls
  A hornet (D:10)
  2 wyverns (D:9)
  Eustachio (D:4)
  10 yaks
  2 basilisks (D:9)
  A warg (Orc:1)
  An acid dragon (D:10)
  4 water moccasins
  3 ice beasts
  9 orc warriors
  A black bear (D:6)
  2 sky beasts
  7 ogres
  A centaur (D:10)
  A phantom (D:4)
  12 kobold brigands
  5 bullfrogs
  3 necrophages
  3 gnoll sergeants
  2 scorpions
  18 wights
  12 killer bees
  2 electric eels (D:8)
  6 howler monkeys
  Crazy Yiuf (D:7)
  8 orc priests
  2 jellies
  Terence (D:2)
  Jessica (D:2)
  Ijyb (D:4)
  7 iguanas
  17 orc wizards
  Robin (D:2)
  20 gnolls
  10 adders
  2 shadow imps
  3 white imps
  2 ufetubi (D:5)
  2 worms
  6 dart slugs
  62 orcs
  10 endoplasms
  A giant cockroach (D:1)
  22 goblins
  12 hobgoblins
  4 jackals
  4 quokkas
  10 ball pythons
  8 bats
  6 frilled lizards
  20 kobolds
  7 rats
375 creatures vanquished.

Vanquished Creatures (others)
  A kobold brigand (D:7)
  4 fungi
  25 plants
30 creatures vanquished.

Grand Total: 405 creatures vanquished

Notes
Turn   | Place    | Note
-------+----------+-------------------------------------------
     0 | D:1      | DildoBatman the Formicid Conjurer began the quest for the
                  | Orb.
     0 | D:1      | Reached XP level 1. HP: 13/13 MP: 3/3
   180 | D:1      | Found a faded altar of an unknown god.
   185 | D:1      | Reached XP level 2. HP: 19/20 MP: 5/5
   188 | D:1      | Learned a level 2 spell: Searing Ray
   281 | D:1      | Reached skill level 1 in Armour
   374 | D:1      | Reached skill level 1 in Fighting
   432 | D:1      | Reached XP level 3. HP: 26/26 MP: 6/6
   929 | D:2      | Noticed Terence
  1047 | D:2      | Reached XP level 4. HP: 30/32 MP: 2/8
  1054 | D:2      | Noticed Jessica
  1240 | D:2      | Reached XP level 5. HP: 29/38 MP: 6/9
  2021 | D:3      | Identified the +6 mace of Mauvoh {elec, rElec MP+9 Str+2
                  | Dex+3 Stlth+}
  2060 | D:3      | Reached XP level 6. HP: 46/46 MP: 11/11
  2111 | D:3      | Found a stormy altar of Qazlal.
  2189 | D:3      | Reached skill level 1 in Shields
  2376 | D:3      | Reached skill level 2 in Shields
  2460 | D:3      | Identified the +2 scale mail of Burnt Salvation {rCorr}
  2534 | D:4      | Reached skill level 3 in Shields
  2574 | D:4      | Found an ornate altar of the Wu Jian Council.
  2673 | D:4      | Reached XP level 7. HP: 42/52 MP: 13/13
  3044 | D:4      | Reached skill level 5 in Conjurations
  3302 | D:5      | Entered Level 5 of the Dungeon
  3302 | D:5      | Noticed Ijyb
  3415 | D:5      | Reached skill level 5 in Spellcasting
  3496 | D:4      | You fall into a shaft and drop 2 floors!
  3519 | D:6      | Reached XP level 8. HP: 47/58 MP: 15/15
  3665 | D:5      | Noticed Eustachio
  4543 | D:7      | Found a flagged portal.
  4569 | D:7      | Found a hide-covered altar of Uskayaw.
  4576 | D:7      | Found a runed translucent gate.
  4576 | D:7      | Found a runed translucent gate.
  4576 | D:7      | Found a runed translucent gate.
  4576 | D:7      | Noticed EarthwalkerPL's ghost (amateur MiFi)
  4576 | D:7      | Noticed a kobold demonologist
  4606 | D:7      | Reached XP level 9. HP: 65/65 MP: 19/19
  4681 | D:7      | Found a sacrificial altar of Ru.
  4753 | D:7      | Reached skill level 5 in Fighting
  4753 | D:7      | Reached skill level 5 in Armour
  4826 | D:7      | Found a staircase to the Ecumenical Temple.
  4835 | Temple   | Entered the Ecumenical Temple
  4856 | Temple   | Became a worshipper of Kikubaaqudgha
  4928 | Bailey   | Entered a bailey
  5185 | Bailey   | Noticed an orc knight
  5200 | Bailey   | Learned a level 3 spell: Dazzling Flash
  5280 | Bailey   | Reached skill level 1 in Hexes
  5303 | Bailey   | Killed an orc knight
  5304 | Bailey   | Reached skill level 5 in Hexes
  5304 | Bailey   | Reached XP level 10. HP: 32/74 MP: 5/20
  5392 | Bailey   | Found a large runed translucent door.
  5392 | Bailey   | Found a large runed translucent door.
  5392 | Bailey   | Noticed a deep elf pyromancer
  5501 | Bailey   | Killed a deep elf pyromancer
  5709 | D:7      | Identified the ring of the Devil {rPois rCorr Str+3}
  5886 | D:7      | Reached skill level 4 in Shields
  5922 | D:7      | Found a runed translucent door.
  5929 | D:7      | Noticed Crazy Yiuf
  5951 | D:7      | Killed Crazy Yiuf
  6138 | D:4      | Killed Ijyb
  6226 | D:2      | Killed Terence
  6287 | D:2      | Noticed Robin
  6291 | D:2      | Killed Robin
  6292 | D:2      | Reached * piety under Kikubaaqudgha
  6292 | D:2      | Received a gift from Kikubaaqudgha
  6434 | D:2      | Killed Jessica
  6445 | D:2      | Learned a level 2 spell: Sublimation of Blood
  6491 | D:4      | Killed Eustachio
  6879 | D:6      | Found a basalt altar of Yredelemnul.
  7109 | D:8      | Reached ** piety under Kikubaaqudgha
  7272 | D:8      | Noticed a five-headed hydra
  7273 | D:8      | Reached skill level 5 in Shields
  7726 | D:8      | Reached XP level 11. HP: 83/83 MP: 21/21
  7749 | D:8      | Noticed a two-headed ogre
  7893 | D:8      | Killed a two-headed ogre
  7894 | D:8      | Reached skill level 6 in Shields
  8089 | D:8      | Reached *** piety under Kikubaaqudgha
  8089 | D:8      | Received a gift from Kikubaaqudgha
  8096 | D:8      | Learned a level 5 spell: Borgnjor's Vile Clutch
  8101 | D:8      | Learned a level 4 spell: Dispel Undead
  8520 | D:9      | Reached skill level 1 in Earth Magic
  8523 | D:9      | Reached skill level 1 in Necromancy
  8540 | D:9      | Found a shimmering altar of Xom.
  8712 | D:9      | Found a staircase to the Lair.
  9230 | D:7      | Reached skill level 5 in Earth Magic
  9242 | D:7      | Killed EarthwalkerPL's ghost
  9250 | D:7      | Reached skill level 5 in Necromancy
  9620 | D:9      | Gained mutation: Your mind is acute. (Int +4, Str/Dex -1)
                  | [potion of mutation]
  9697 | D:10     | Entered Level 10 of the Dungeon
  9708 | D:10     | Reached **** piety under Kikubaaqudgha
  9816 | D:10     | Found a glowing silver altar of Zin.
  9865 | D:10     | Found a runed translucent door.
  9874 | D:10     | Noticed Quickbrownfox's ghost (novice DsIE)
  9885 | D:10     | Killed Quickbrownfox's ghost
  9892 | D:10     | Identified the amulet of the Dripping Hero {Faith rElec rF+
                  | rC+++ Int+4}
  9912 | D:10     | Reached XP level 12. HP: 59/89 MP: 22/22
 10041 | D:10     | Reached skill level 7 in Shields
 10160 | D:10     | Found a staircase to the Orcish Mines.
 10321 | Orc:1    | Entered Level 1 of the Orcish Mines
 10326 | Orc:1    | Reached skill level 8 in Shields
 10331 | Orc:1    | Reached ***** piety under Kikubaaqudgha
 10335 | Orc:1    | Noticed a two-headed ogre
 10338 | Orc:1    | Reached skill level 9 in Shields
 10339 | Orc:1    | Noticed an ogre mage
 10345 | Orc:1    | Noticed a two-headed ogre
 10346 | Orc:1    | Noticed a two-headed ogre
 10347 | Orc:1    | Killed a two-headed ogre
 10347 | Orc:1    | Noticed an orc high priest
 10378 | Orc:1    | Killed an orc high priest
 10380 | Orc:1    | Killed a two-headed ogre
 10381 | Orc:1    | Killed from afar by an ogre mage

Illustrated notes

Levels and vault maps discovered:
D:1:      dpeg_arrival_line_fractal, layout_basic,
          ebering_ecumenical_altar_abandoned, nrook_mini_vaults,
          serial_bayou_pond_b, minmay_tetromino_l4
D:2:      minmay_wonky_spiral, layout_basic, uniq_terence, uniq_robin,
          uniq_jessica
D:3:      cheibrodos_helix_gallery, layout_basic,
          mainiacjoe_overflow_small_starburst, grunt_ministairs_9,
          kennysheep_generic_room_2
D:4:      layout_basic, lemuel_coloured_pillars_altar
D:5:      minmay_octagon_keep, layout_cave_pools, uniq_eustachio, uniq_ijyb
D:6:      layout_basic, kennysheep_mini
D:7:      layout_basic, kennysheep_little_box, nicolae_ru_the_path_less_chosen,
          minmay_temple_entry_stoned_glass, gammafunk_ghost_nasty_kobolds,
          enter_bailey_3, minmay_diced_spiral, uniq_crazy_yiuf_cottage
D:8:      layout_loops_corners, serial_bayou_pond_b
D:9:      layout_roguey, mainiacjoe_overflow_tiny_flanked,
          minmay_lair_entry_grove, minivault_25
D:10:     layout_roguey, mainiacjoe_overflow_brackets,
          minmay_orc_entry_temple_small, ebering_ghost_reflecting_pool,
          chequers_decorated_corner, kennysheep_generic_room_6
Temple:   regret_index_temple_generic_petals
Orc:1:    layout_diamond_mine, ebering_ghost_inner_flame, basic_altar,
          uniq_josephine

Skill      XL: |  1  2  3  4  5  6  7  8  9 10 11 12 |
---------------+-------------------------------------+-----
Dodging        | 2 3 4 |  4.9
Armour         | 1 2 3 5 6 |  6.9
Fighting       | 1 2 3 5 6 |  6.8
Conjurations   | 4 5 6 7 |  7.0
Spellcasting   | 3 4 5 7 |  7.0
Shields        | 3 5 6 9 |  9.0
Hexes          | 5 7 8 |  8.2
Earth Magic    | 6 8 |  8.7
Necromancy     | 5 7 |  7.7
Stealth        | |  2.4

Action                   |  1- 3 |  4- 6 |  7- 9 | 10-12 || total
-------------------------+-------+-------+-------+-------++-------
Melee: Mace              |    17 |    13 |     5 |    52 ||    87
       Whip              |     2 |       |       |       ||     2
       Unarmed           |     2 |       |       |       ||     2
 Fire: Sling             |    28 |     9 |       |       ||    37
Throw: Dart              |       |       |       |    13 ||    13
 Cast: Magic Dart        |    31 |    95 |    90 |    93 ||   309
       Searing Ray       |     3 |    30 |    60 |   116 ||   209
       Dazzling Flash    |       |       |     7 |    29 ||    36
       Dispel Undead     |       |       |       |     5 ||     5
       Borgnjor's Vile C |       |       |       |    35 ||    35
 Abil: Dig               |       |     2 |     1 |     6 ||     9
       Shaft Self        |       |       |     1 |       ||     1
Evoke: Phial of floods   |       |       |       |     2 ||     2
       Wand              |       |       |       |     2 ||     2
  Use: Scroll            |       |     1 |     7 |     3 ||    11
       Potion            |       |     1 |     1 |     3 ||     5
 Stab: Invisible         |       |       |       |     3 ||     3
Armor: Robe              |     4 |     6 |       |       ||    10
       Ring mail         |       |       |    31 |    39 ||    70
       Animal skin       |       |       |       |    11 ||    11
Dodge: Dodged            |    34 |    39 |    89 |   171 ||   333
Block: Buckler           |       |       |    27 |    66 ||    93
       Kite shield       |       |       |       |     2 ||     2
